 Dungeon Crawl Stone Soup version 0.13.1-2-gfb2c2b7 (webtiles) character file.

2255 Lilouch the Covered (level 9, -2/64 HPs)
             Began as a Demonspawn Chaos Knight on Dec 6, 2013.
             Was a Plaything of Xom.
             Slain by a wolf (6 damage)
             ... led by Grum
             ... on Level 9 of the Dungeon.
             The game lasted 00:28:54 (5367 turns).

Lilouch the Covered (Demonspawn Chaos Knight)       Turns: 5367, Time: 00:28:54

HP  -2/64        AC 10     Str 16      XL: 9   Next:  1%
MP   0/9         EV  9     Int 14      God: Xom
Gold 272         SH 20     Dex 15      Spells:  0 memorised,  8 levels left

Res.Fire  : . . .   See Invis. : .   T - +1 whip (flame)
Res.Cold  : + . .   Warding    : .   K - +2 leather armour "Cydwuyh" {Dex+3}
Life Prot.: . . .   Conserve   : .   b - +0 shield
Res.Poison: .       Res.Corr.  : .   (no helmet)
Res.Elec. : .       Clarity    : .   (no cloak)
Sust.Abil.: + .     Spirit.Shd : +   e - +2 pair of dwarf gauntlets
Res.Mut.  : .       Stasis     : .   r - +0 pair of boots
Res.Rott. : .       Flight     : .   (no amulet)
Saprovore : . . .                    (no ring)
                                     d - ring of sustain abilities

@: slightly resistant to hostile enchantments, unstealthy
A: claws 1, hooves 1, cold resistance 1, magic shield
a: Renounce Religion


You were on level 9 of the Dungeon.
You worshipped Xom.
You were Xom's teddy bear.
You were not hungry.

You visited 1 branch of the dungeon, and saw 7 of its levels.

You collected 387 gold pieces.
You spent 135 gold pieces at shops.

Inventory:

Hand weapons
 a - a +0,-1 spear of chaos {=f}
 D - a +0 blowgun
 E - a -2,-1 spear
 T - a +1,+1 whip of flaming (weapon)
Armour
 b - a +0 shield (worn)
 e - a +2 pair of dwarven gauntlets (worn)
 r - a +0 pair of boots (worn)
 s - a +0 buckler
 I - a +0 plate armour
 K - the +2 leather armour "Cydwuyh" (worn) {Dex+3}
   (You found it on level 4 of the Dungeon)

   It affects your dexterity (+3).
Magical devices
 L - a wand of disintegration (11) {unknown}
Comestibles
 c - 3 bread rations
 f - an apple
 h - 5 chunks of yak flesh
 i - 3 chokos
 w - a meat ration
 R - 4 rotting chunks of yak flesh
Scrolls
 g - a scroll of enchant weapon I {unknown}
 j - 3 scrolls of magic mapping
 m - a scroll of random uselessness {unknown}
 n - 5 scrolls of remove curse
 q - 3 scrolls of teleportation {unknown}
 x - a scroll of enchant armour {unknown}
 y - a scroll of curse armour {unknown}
 z - a scroll of fear
 B - a scroll of amnesia {unknown}
 F - a scroll of noise
 G - 2 scrolls of blinking {unknown}
 M - a scroll of fog {unknown}
 N - a scroll of identify
 O - 2 scrolls of recharging {unknown}
Jewellery
 d - a ring of sustain abilities (left hand)
Potions
 k - 2 potions of speed {unknown}
 l - a potion of restore abilities {unknown}
 o - a potion of poison {unknown}
 t - a potion of brilliance {unknown}
 u - a potion of resistance {unknown}
 v - a potion of degeneration {unknown}
 A - a potion of paralysis {unknown}
 C - a potion of cure mutation {unknown}
 H - a potion of might {unknown}
 J - a potion of berserk rage
 P - a potion of magic {unknown}
 Q - a potion of slowing {unknown}
Rods
 S - a +6 rod of demonology (8/13)
   (Xom gifted it to you on level 9 of the Dungeon)


   Skills:
 + Level 4.2 Fighting
 + Level 6.2 Polearms
 + Level 6.3 Armour
 - Level 0.8 Dodging
 + Level 6.0 Shields


You had 8 spell levels left.
You didn't know any spells.

Dungeon Overview and Level Annotations

Branches:
Dungeon (9/27)
 Temple: D:4-7          Orc: D:6-11        Lair: D:8-13

Altars:
Sif Muna
Trog
Vehumet
Xom
Zin

Shops:
D:5 !

Annotations:
D:6 Menkaure


Innate Abilities, Weirdness & Mutations

You have sharp fingernails.
You have large cloven feet.
Your flesh is cold resistant.
When hurt, damage is shared between your health and your magic reserves.


Message History

The wolf is severely wounded.
You block the wolf's attack. The wolf closely misses you.
You miss the wolf. Your kick misses the wolf.
The wolf is severely wounded.
You block the wolf's attack. The wolf bites you.
* * * LOW HITPOINT WARNING * * *
You closely miss the wolf.
The wolf is severely wounded.
The wolf closely misses you. The wolf bites you.
* * * LOW HITPOINT WARNING * * *
The wolf closely misses you.
You closely miss the wolf. You kick the wolf.
The wolf is almost dead.
The wolf bites you but does no damage.
You closely miss the wolf. Your kick misses the wolf.
The wolf is almost dead.
The wolf bites you.
* * * LOW HITPOINT WARNING * * *
The wolf bites you.
You die...

##+## #.........#
##...## #.###.###.#
#.....###.###.# #.#
.......##.##..###.#
........#.........#
........'......)###
........####.%.##
..(....## #..######
#.....## #.%)h@..#
##...## #.#####.#
##'## #[.h.##.# #.#
#.##.##.# #.#
#.##.##.# ##.##
#.##.##.# ##...##
#.......#
#.....#########.####
##........g.....#


You could see a wolf.

Vanquished Creatures
  Pikel (D:9)
  A yak (D:9)
  Grum (D:9)
  A sky beast (D:5)
  An ogre (D:5)
  A slave (D:9)
  An orc warrior (D:9)
  Sigmund (D:6)
  A centaur (D:5)
  A water moccasin (D:5)
  A gnoll sergeant (D:5)
  A goliath beetle (D:4)
  An orc priest (D:3)
  A hound (D:4)
  A jelly (D:5)
  4 worker ants
  An ogre zombie (D:6)
  Jessica (D:2)
  A hound zombie (D:5)
  3 adders (D:5)
  3 gnolls (D:5)
  A green rat (D:1)
  A giant mite (D:5)
  3 worms
  6 giant geckos
  2 oozes
  16 orcs
  A ball python (D:1)
  9 bats
  2 giant cockroaches (D:3)
  12 hobgoblins
  A jackal (D:2)
  A quokka (D:5)
  5 giant newts
  10 goblins
  A goblin skeleton (D:5)
  14 kobolds
  An orc skeleton (D:4)
  11 rats
125 creatures vanquished.

Vanquished Creatures (collateral kills)
  4 yaks (D:9)
  2 wolves (D:9)
  A slave (D:9)
7 creatures vanquished.

Vanquished Creatures (others)
  2 slaves (D:9)
  A crimson imp (D:9)
  2 shadow imps (D:9)
  2 white imps (D:9)
  2 ufetubi (D:9)
  A goblin (D:4)
10 creatures vanquished.

Grand Total: 142 creatures vanquished

Notes
Turn   | Place    | Note
--------------------------------------------------------------
     0 | D:1      | Lilouch, the Demonspawn Chaos Knight, began the quest for the Orb.
     0 | D:1      | Reached XP level 1. HP: 16/16 MP: 1/1
    61 | D:1      | Gained mutation: You have large cloven feet. [demonic ancestry]
    61 | D:1      | Reached XP level 2. HP: 20/22 MP: 2/2
    66 | D:1      | XOM: harmless Fire miscast
   266 | D:1      | XOM: harmless Erth miscast
   509 | D:1      | XOM: harmless Divn miscast
   553 | D:1      | Reached XP level 3. HP: 26/28 MP: 3/3
   568 | D:1      | XOM: silly message
   955 | D:2      | Found a bloodstained altar of Trog.
   970 | D:2      | XOM: harmless Summ miscast
  1163 | D:2      | Noticed Jessica
  1172 | D:2      | Killed Jessica
  1183 | D:2      | Reached XP level 4. HP: 29/34 MP: 4/4
  1212 | D:2      | Found a shimmering altar of Xom.
  1212 | D:2      | Found a shimmering altar of Xom.
  1249 | D:2      | Found a shimmering altar of Xom.
  1449 | D:2      | XOM: harmless Erth miscast
  1828 | D:3      | Gained mutation: When hurt, damage is shared between your health and your magic reserves. [demonic ancestry]
  1828 | D:3      | Reached XP level 5. HP: 12/39 MP: 5/5
  1846 | D:3      | XOM: harmless Conj miscast
  1946 | D:3      | Found a deep blue altar of Sif Muna.
  2091 | D:3      | Reached skill level 4 in Armour
  2248 | D:3      | XOM: silly message
  2316 | D:3      | XOM: colour smoke trail
  2555 | D:3      | XOM: medium Necr miscast
  3147 | D:4      | Found a radiant altar of Vehumet.
  3151 | D:4      | Got an encrusted leather armour
  3159 | D:4      | Identified the +2 leather armour "Cydwuyh" {Dex+3} (You found it on level 4 of the Dungeon)
  3270 | D:4      | Reached skill level 1 in Shields
  3270 | D:4      | Gained mutation: You have sharp fingernails. [demonic ancestry]
  3270 | D:4      | Reached XP level 6. HP: 38/46 MP: 4/6
  3273 | D:4      | Found Zin's Purification Station.
  3283 | D:4      | Found a glowing silver altar of Zin.
  3286 | D:4      | Bought a potion of curing for 60 gold pieces
  3339 | D:4      | XOM: divination: detect creatures
  3435 | D:5      | Entered Level 5 of the Dungeon
  3499 | D:5      | Found Chaok's Distillery.
  3545 | D:5      | Bought a potion of berserk rage for 45 gold pieces
  3545 | D:5      | Bought a potion of curing for 30 gold pieces
  3664 | D:5      | XOM: polymorph worker ant -> water moccasin
  3909 | D:5      | Reached XP level 7. HP: 51/51 MP: 7/7
  4059 | D:5      | XOM: 8-stop teleportation journey
  4094 | D:5      | XOM: colour smoke trail
  4125 | D:6      | Noticed Sigmund
  4141 | D:5      | XOM: harmless Conj miscast
  4142 | D:5      | Reached skill level 5 in Polearms
  4142 | D:5      | Reached skill level 5 in Armour
  4161 | D:6      | XOM: mild Summ miscast
  4174 | D:5      | XOM: noise
  4185 | D:5      | XOM: cast spell 'Cause Fear'
  4198 | D:5      | XOM: confuse monster(s)
  4722 | D:6      | Killed Sigmund
  4814 | D:6      | Noticed Menkaure
  4818 | D:6      | XOM: enchant monster (good)
  4823 | D:6      | You fall through a shaft!
  4876 | D:9      | Noticed a yak
  4880 | D:9      | Noticed a yak
  4883 | D:9      | Noticed a yak
  4888 | D:9      | Noticed a yak
  4888 | D:9      | XOM: swap monsters
  4889 | D:9      | Noticed a yak
  4909 | D:9      | XOM: confuse monster(s)
  4913 | D:9      | Killed a yak
  4929 | D:9      | XOM: inner flame monster(s)
  4938 | D:9      | XOM: blink monster(s)
  4971 | D:9      | XOM: summons 3 friendly demons
  4972 | D:9      | Killed a yak
  4972 | D:9      | Gained mutation: Your flesh is cold resistant. [demonic ancestry]
  4972 | D:9      | Reached XP level 8. HP: 27/58 MP: 6/8
  4976 | D:9      | Killed a yak
  4976 | D:9      | Reached skill level 5 in Shields
  5011 | D:9      | XOM: enchant monster (good)
  5019 | D:9      | XOM: enchant monster (good)
  5059 | D:9      | XOM: god gift: crooked glowing rod {god gift}
  5067 | D:9      | Identified a +6 rod of demonology (13/13) (Xom gifted it to you on level 9 of the Dungeon)
  5071 | D:9      | XOM: confuse monster(s)
  5092 | D:9      | Killed a yak
  5197 | D:9      | Killed a yak
  5248 | D:9      | Noticed Pikel
  5249 | D:9      | XOM: confuse monster(s)
  5252 | D:9      | XOM: swap monsters
  5253 | D:9      | Noticed Grum
  5279 | D:9      | XOM: confuse monster(s)
  5290 | D:9      | Killed Pikel
  5290 | D:9      | Reached skill level 6 in Polearms
  5294 | D:9      | Noticed a four-headed hydra zombie
  5330 | D:9      | Killed Grum
  5330 | D:9      | Reached XP level 9. HP: 9/64 MP: 2/9
  5342 | D:9      | XOM: polymorph crimson imp -> iron imp
  5354 | D:9      | XOM: god gift: 10 honeycombs
  5367 | D:9      | Slain by a wolf

Action                   |  1- 3 |  4- 6 |  7- 9 || total
-------------------------+-------+-------+-------++-------
Melee: Spear             |   101 |   299 |   196 ||   596
       Whip              |       |       |    13 ||    13
 Fire: Blowgun           |       |       |    12 ||    12
Evoke: Rod               |       |       |    15 ||    15
  Use: Potion            |       |     2 |     7 ||     9
       Scroll            |       |       |     6 ||     6
 Stab: Paralysed         |     3 |    12 |       ||    15
       Petrifying        |       |     3 |       ||     3
       Confused          |       |     1 |     6 ||     7
       Sleeping          |       |     1 |       ||     1
       Distracted        |       |       |     2 ||     2
